% Time on Ice - SPOKANE KNIGHTS
Lines # - Real PCT - Wanted PCT - Time Play
Normal Forward
1 - 35% - 35% - 13:23
2 - 31% - 35% - 11:43
3 - 16% - 15% - 5:56
4 - 18% - 15% - 6:56
Normal Defense
1 - 33% - 30% - 12:26
2 - 34% - 30% - 12:59
3 - 25% - 25% - 9:33
4 - 8% - 15% - 3:00
PP Forward
1 - 59% - 60% - 3:30
2 - 41% - 40% - 2:27
PP Defense
1 - 66% - 60% - 3:54
2 - 34% - 40% - 2:03
PK Forward
1 - 47% - 50% - 5:51
2 - 53% - 50% - 6:29
PK Defense
1 - 47% - 60% - 5:47
2 - 53% - 40% - 6:33
PK3 Forward
1 - 64% - 60% - 1:08
2 - 36% - 40% - 0:38
PK3 Defense
1 - 62% - 60% - 1:06
2 - 38% - 40% - 0:40
44 Forward
1 - 64% - 50% - 1:16
2 - 36% - 50% - 0:43
44 Defense
1 - 72% - 60% - 1:26
2 - 28% - 40% - 0:33
Last Minute Offensive  - 0:00
Last Minute Defensive  - 0:00
Total
Forward - 60:00
Defense - 60:00
% Time on Ice - RENO LIONS
Lines # - Real PCT - Wanted PCT - Time Play
Normal Forward
1 - 38% - 40% - 14:32
2 - 30% - 30% - 11:21
3 - 23% - 20% - 8:33
4 - 9% - 10% - 3:32
Normal Defense
1 - 37% - 36% - 14:06
2 - 29% - 31% - 11:09
3 - 31% - 23% - 11:42
4 - 3% - 10% - 1:01
PP Forward
1 - 47% - 65% - 6:34
2 - 53% - 35% - 7:32
PP Defense
1 - 56% - 60% - 7:50
2 - 44% - 40% - 6:16
PK Forward
1 - 60% - 55% - 3:35
2 - 40% - 45% - 2:22
PK Defense
1 - 56% - 55% - 3:20
2 - 44% - 45% - 2:37
PK3 Forward
1 - 0% - 55%
2 - 0% - 45%
PK3 Defense
1 - 0% - 55%
2 - 0% - 45%
44 Forward
1 - 70% - 55% - 1:23
2 - 30% - 45% - 0:36
44 Defense
1 - 50% - 55% - 1:00
2 - 50% - 45% - 0:59
Last Minute Offensive  - 0:00
Last Minute Defensive  - 0:00
Total
Forward - 60:00
Defense - 60:00
Play-by-Play 1st period 0:01 of 1st period - Sebastian Aho wins face-off versus Steven Stamkos in neutral zone. 1:23 of 1st period - Shot by Cam Atkinson. 1:23 of 1st period - Stopped by David Rittich without a rebound. 1:24 of 1st period - Derek Grant wins face-off versus Maxim Mamin in SPOKANE KNIGHTS zone. 1:25 of 1st period - Shot by Andreas Johnsson. 1:25 of 1st period - Stopped by David Rittich without a rebound. 1:26 of 1st period - Derek Grant wins face-off versus Maxim Mamin in SPOKANE KNIGHTS zone. 1:35 of 1st period - Shot by Derek Grant. 1:35 of 1st period - Shot Misses the Net. 1:46 of 1st period - Off-side. 1:47 of 1st period - Luke Glendening wins face-off versus Patrick Brown in neutral zone. 1:49 of 1st period - Minor Penalty to Mattias Samuelsson for Tripping. 1:50 of 1st period - Patrick Brown wins face-off versus Nick Foligno in RENO LIONS zone. 1:50 of 1st period - Patrick Brown is hit by Nick Foligno. 2:24 of 1st period - Shot by Sebastian Aho. 2:24 of 1st period - Stopped by Elvis Merzlikins without a rebound. 2:25 of 1st period - Patrick Brown wins face-off versus Nick Foligno in RENO LIONS zone. 2:31 of 1st period - Icing by Nicolas Deslauriers. 2:32 of 1st period - Nick Foligno wins face-off versus Patrick Brown in SPOKANE KNIGHTS zone. 2:32 of 1st period - Nick Foligno is hit by Ilya Mikheyev. 3:22 of 1st period - Shot by Cale Makar. 3:22 of 1st period - Stopped by Elvis Merzlikins without a rebound. 3:23 of 1st period - Sebastian Aho wins face-off versus Patrick Brown in RENO LIONS zone. 4:14 of 1st period - Shot by Nick Bjugstad. 4:14 of 1st period - Goal by Nick Bjugstad - SPOKANE KNIGHTS : 1 - RENO LIONS : 0. 4:15 of 1st period - Pierre-Luc Dubois wins face-off versus Dmitri Jaskin in neutral zone. 4:32 of 1st period - Shot by Cam Atkinson. 4:32 of 1st period - Deflect By Pierre-Luc Dubois. 4:32 of 1st period - Stopped by David Rittich with a rebound. 4:34 of 1st period - Shot by Ilya Mikheyev. 4:34 of 1st period - Shot Misses the Net. 4:46 of 1st period - Shot by Cam Atkinson. 4:46 of 1st period - Shot Misses the Net. 4:48 of 1st period - Shot by Jacob Trouba. 4:48 of 1st period - Stopped by David Rittich with a rebound. 5:20 of 1st period - Shot by Trevor Lewis. 5:20 of 1st period - Shot Misses the Net. 5:22 of 1st period - Shot by Andreas Johnsson. 5:22 of 1st period - Stopped by David Rittich with a rebound. 5:24 of 1st period - Shot by Andreas Johnsson. 5:24 of 1st period - Stopped by David Rittich without a rebound. 5:25 of 1st period - Steven Stamkos wins face-off versus Luke Glendening in SPOKANE KNIGHTS zone. 5:30 of 1st period - Shot by Steven Stamkos. 5:30 of 1st period - Stopped by David Rittich with a rebound. 5:35 of 1st period - Minor Penalty to Matt Irwin for Roughing. 5:36 of 1st period - Luke Glendening wins face-off versus Steven Stamkos in SPOKANE KNIGHTS zone. 5:48 of 1st period - Minor Penalty to Nicolas Deslauriers for Goalie Interference. 5:49 of 1st period - Sebastian Aho wins face-off versus Pierre-Luc Dubois in SPOKANE KNIGHTS zone. 6:24 of 1st period - Shot by Pierre-Luc Dubois. 6:24 of 1st period - Shot Blocked by Evan Bouchard. 6:54 of 1st period - Shot by Steven Stamkos. 6:54 of 1st period - Shot Misses the Net. 6:56 of 1st period - Shot by Nikita Zadorov. 6:56 of 1st period - Shot Misses the Net. 6:58 of 1st period - Shot by Kirill Kaprizov. 6:58 of 1st period - Stopped by David Rittich without a rebound. 6:59 of 1st period - Steven Stamkos wins face-off versus Sebastian Aho in SPOKANE KNIGHTS zone. 7:24 of 1st period - Shot by Kirill Kaprizov. 7:24 of 1st period - Shot Misses the Net. 7:26 of 1st period - Shot by Kirill Kaprizov. 7:26 of 1st period - Stopped by David Rittich without a rebound. 7:27 of 1st period - Pierre-Luc Dubois wins face-off versus Luke Glendening in SPOKANE KNIGHTS zone. 7:37 of 1st period - Shot by Cam Atkinson. 7:37 of 1st period - Shot Blocked by Kris Russell. 7:48 of 1st period - Minor Penalty to Nicolas Deslauriers for Roughing. 7:49 of 1st period - Steven Stamkos wins face-off versus Luke Glendening in SPOKANE KNIGHTS zone. 8:03 of 1st period - Shot by Elias Pettersson. 8:03 of 1st period - Stopped by David Rittich with a rebound. 8:16 of 1st period - Shot by Mattias Samuelsson. 8:16 of 1st period - Stopped by David Rittich without a rebound. 8:17 of 1st period - Pierre-Luc Dubois wins face-off versus Mitchell Stephens in SPOKANE KNIGHTS zone. 8:18 of 1st period - Shot by Cam Atkinson. 8:18 of 1st period - Shot Misses the Net. 9:22 of 1st period - Kirill Kaprizov is hit by Matt Irwin and loses puck. 9:25 of 1st period - Shot by Nikita Zadorov. 9:25 of 1st period - Shot Misses the Net. 9:59 of 1st period - Shot by Trevor Lewis. 9:59 of 1st period - Stopped by David Rittich without a rebound. 10:00 of 1st period - Patrick Brown wins face-off versus Sebastian Aho in SPOKANE KNIGHTS zone. 10:01 of 1st period - Shot by Nicholas Ritchie. 10:01 of 1st period - Stopped by David Rittich with a rebound. 10:14 of 1st period - Shot by Alex Formenton. 10:14 of 1st period - Shot Misses the Net. 10:16 of 1st period - Shot by Matt Irwin. 10:16 of 1st period - Stopped by Elvis Merzlikins without a rebound. 10:17 of 1st period - Derek Grant wins face-off versus Luke Glendening in RENO LIONS zone. 10:36 of 1st period - Shot by Jimmy Vesey. 10:36 of 1st period - Stopped by Elvis Merzlikins without a rebound. 10:37 of 1st period - Steven Stamkos wins face-off versus Sebastian Aho in RENO LIONS zone. 10:41 of 1st period - Off-side. 10:42 of 1st period - Steven Stamkos wins face-off versus Maxim Mamin in neutral zone. 10:47 of 1st period - Shot by Kirill Kaprizov. 10:47 of 1st period - Shot Misses the Net. 10:49 of 1st period - Shot by Kirill Kaprizov. 10:49 of 1st period - Deflect By Steven Stamkos. 10:49 of 1st period - Goal by Steven Stamkos - SPOKANE KNIGHTS : 1 - RENO LIONS : 1. 10:50 of 1st period - Steven Stamkos wins face-off versus Maxim Mamin in neutral zone. 10:53 of 1st period - Shot by Kirill Kaprizov. 10:53 of 1st period - Shot Blocked by Tanner Pearson. 10:59 of 1st period - Shot by Tanner Pearson. 10:59 of 1st period - Deflect By Nick Bjugstad. 10:59 of 1st period - Shot Blocked by Elias Pettersson. 11:01 of 1st period - Shot by Maxim Mamin. 11:01 of 1st period - Shot Misses the Net. 11:03 of 1st period - Shot by Tanner Pearson. 11:03 of 1st period - Stopped by Elvis Merzlikins with a rebound. 11:05 of 1st period - Shot by Cale Makar. 11:05 of 1st period - Shot Misses the Net. 11:07 of 1st period - Shot by Cale Makar. 11:07 of 1st period - Shot Misses the Net. 11:09 of 1st period - Shot by Maxim Mamin. 11:09 of 1st period - Stopped by Elvis Merzlikins without a rebound. 11:10 of 1st period - Sebastian Aho wins face-off versus Pierre-Luc Dubois in RENO LIONS zone. 11:13 of 1st period - Shot by Sebastian Aho. 11:13 of 1st period - Shot Misses the Net. 11:18 of 1st period - Icing by Ilya Mikheyev. 11:19 of 1st period - Pierre-Luc Dubois wins face-off versus Sebastian Aho in RENO LIONS zone. 11:19 of 1st period - Pierre-Luc Dubois is hit by Sebastian Aho. 12:49 of 1st period - Shot by Elias Pettersson. 12:49 of 1st period - Shot Misses the Net. 13:21 of 1st period - Shot by Andreas Johnsson. 13:21 of 1st period - Shot Misses the Net. 13:23 of 1st period - Shot by Robert Hagg. 13:23 of 1st period - Goal by Robert Hagg - SPOKANE KNIGHTS : 1 - RENO LIONS : 2. 13:24 of 1st period - Patrick Brown wins face-off versus Luke Glendening in neutral zone. 13:57 of 1st period - Shot by Nick Foligno. 13:57 of 1st period - Shot Blocked by Patrick Brown. 13:59 of 1st period - Shot by Nick Foligno. 13:59 of 1st period - Deflect By Luke Glendening. 13:59 of 1st period - Shot Misses the Net. 14:01 of 1st period - Shot by Evan Bouchard. 14:01 of 1st period - Stopped by Elvis Merzlikins without a rebound. 14:02 of 1st period - Pierre-Luc Dubois wins face-off versus Mitchell Stephens in RENO LIONS zone. 14:15 of 1st period - Shot by Joseph Veleno. 14:15 of 1st period - Shot Misses the Net. 14:19 of 1st period - Shot by Dmitri Jaskin. 14:19 of 1st period - Stopped by Elvis Merzlikins without a rebound. 14:20 of 1st period - Sebastian Aho wins face-off versus Steven Stamkos in RENO LIONS zone. 14:20 of 1st period - Cale Makar is hit by Nikita Zadorov and loses puck. 14:27 of 1st period - Shot by Elias Pettersson. 14:27 of 1st period - Stopped by David Rittich without a rebound. 14:28 of 1st period - Elias Pettersson wins face-off versus Maxim Mamin in SPOKANE KNIGHTS zone. 15:28 of 1st period - Shot by Sebastian Aho. 15:28 of 1st period - The goal is going for a video replay. 15:28 of 1st period - The goal is refused. 15:29 of 1st period - Luke Glendening wins face-off versus Derek Grant in RENO LIONS zone. 15:45 of 1st period - Icing by Jacob Trouba. 15:46 of 1st period - Sebastian Aho wins face-off versus Derek Grant in RENO LIONS zone. 15:49 of 1st period - Shot by Alex Formenton. 15:49 of 1st period - Shot Misses the Net. 16:08 of 1st period - Alex Formenton is hit by Jacob Trouba. 17:36 of 1st period - Shot by Pierre-Luc Dubois. 17:36 of 1st period - Deflect By Cam Atkinson. 17:36 of 1st period - Shot Misses the Net. 17:38 of 1st period - Shot by Cam Atkinson. 17:38 of 1st period - Shot Blocked by Tanner Pearson. 17:40 of 1st period - Shot by Ilya Mikheyev. 17:40 of 1st period - Stopped by David Rittich without a rebound. 17:41 of 1st period - Patrick Brown wins face-off versus Mitchell Stephens in SPOKANE KNIGHTS zone. 18:13 of 1st period - Shot by Cale Makar. 18:13 of 1st period - Stopped by Elvis Merzlikins without a rebound. 18:14 of 1st period - Steven Stamkos wins face-off versus Luke Glendening in RENO LIONS zone. 18:43 of 1st period - Shot by Elias Pettersson. 18:43 of 1st period - Stopped by David Rittich without a rebound. 18:44 of 1st period - Sebastian Aho wins face-off versus Pierre-Luc Dubois in SPOKANE KNIGHTS zone. 18:44 of 1st period - Alex Formenton is hit by Cam Atkinson and loses puck. 19:05 of 1st period - Shot by Cam Atkinson. 19:05 of 1st period - Shot Misses the Net. 19:32 of 1st period - Shot by Cam Atkinson. 19:32 of 1st period - Shot Blocked by Sebastian Aho. Goals for this period are 1 for SPOKANE KNIGHTS vs 2 for RENO LIONS. Shots for this period are 11 for SPOKANE KNIGHTS vs 18 for RENO LIONS. 2nd period 0:01 of 2nd period - Steven Stamkos wins face-off versus Maxim Mamin in neutral zone. 0:10 of 2nd period - Shot by Kirill Kaprizov. 0:10 of 2nd period - Stopped by David Rittich without a rebound. 0:11 of 2nd period - Sebastian Aho wins face-off versus Pierre-Luc Dubois in SPOKANE KNIGHTS zone. 0:25 of 2nd period - Shot by Ilya Mikheyev. 0:25 of 2nd period - Deflect By Cam Atkinson. 0:25 of 2nd period - Shot Misses the Net. 0:30 of 2nd period - Icing by Corey Perry. 0:31 of 2nd period - Sebastian Aho wins face-off versus Steven Stamkos in SPOKANE KNIGHTS zone. 0:40 of 2nd period - Shot by Sebastian Aho. 0:40 of 2nd period - Shot Blocked by J